 Dungeon Crawl Stone Soup version 0.25-a0-1056-g2efb326896 (webtiles) character file.

Game seed: 11136292286673828666, levelgen mode: deterministic

307 wullow the Skirmisher (level 6, -4/51 HPs)
             Began as a Demonspawn Wanderer on May 13, 2020.
             Was an Initiate of Okawaru.
             Killed from afar by Natasha (7 damage)
             ... with a magic dart
             ... on level 5 of the Dungeon.
             The game lasted 00:06:48 (3953 turns).

wullow the Skirmisher (Demonspawn Wanderer)         Turns: 3953, Time: 00:06:48

Health: -4/51      AC:  3    Str: 12    XL:     6   Next: 16%
Magic:  0/6        EV: 13    Int: 12    God:    Okawaru [......]
Gold:   175        SH:  0    Dex: 16    Spells: 5/5 levels left

rFire    . . .     SeeInvis .   a - +2 shortbow
rCold    . . .     Gourm    .   (shield currently unavailable)
rNeg     . . .     Faith    .   (no armour)
rPois    .         Spirit   +   (helmet restricted)
rElec    .         Reflect  .   e - +0 cloak
rCorr    .         Harm     .   o - +0 pair of gloves
MR       .....                  p - +0 pair of boots
Stlth    ++........             n - amulet of guardian spirit
HPRegen  0.17/turn              (no ring)
MPRegen  0.10/turn              (no ring)

@: lethally poisoned (-4 -> -4), slowed, very slow
A: claws 1, horns 2, powered by pain 1
a: Renounce Religion


You were on level 5 of the Dungeon.
You worshipped Okawaru.
Okawaru was noncommittal.
You were not hungry.

You visited 1 branch of the dungeon, and saw 5 of its levels.

You collected 175 gold pieces.

Inventory:

Hand Weapons
 a - a +2 shortbow (weapon)
 c - a +0 spear
 m - a +0 dagger
Missiles
 b - 35 arrows (quivered)
 g - 30 sling bullets
 h - 27 stones
 s - 19 bolts
Armour
 d - a +0 ring mail
 e - a +0 cloak (worn)
 o - a +0 pair of gloves (worn)
 p - a +0 pair of boots (worn)
 r - the +1 robe of Dunatemu {rF- rC+ Str+3, unknown}
   (You found it on level 4 of the Dungeon)

   It affects your strength (+3).
   It makes you vulnerable to fire.
   It protects you from cold.
Jewellery
 n - an amulet of guardian spirit (around neck)
Scrolls
 i - 2 scrolls of blinking
 q - a scroll of identify
Potions
 k - a potion of stabbing
Comestibles
 f - 8 rations
 l - 5 chunks of flesh


   Skills:
 + Level 5.0 Fighting
 * Level 3.8 Bows
 - Level 1.7 Armour
 - Level 2.0 Dodging
 + Level 2.9 Stealth
   Level 1.0 Evocations


You had 5 spell levels left.
You didn't know any spells.
Your spell library was empty.

Dungeon Overview and Level Annotations

Branches:
Dungeon (5/15)
 Temple: D:4-7

Altars:
Makhleb
Okawaru
Sif Muna
Trog
Yredelemnul
Zin

Shops:
D:4 [

Annotations:
D:3 3 runed translucent doors, Flugslaktarn's ghost, amateur NaFi
D:4 1 runed translucent door, Crazy Yiuf
D:5 Natasha


Innate Abilities, Weirdness & Mutations

You have sharp fingernails.
You have a pair of horns on your head.
You sometimes gain a little power by taking damage.


Message History

Aim: Natasha (heavily wounded)
You shoot an arrow. The arrow barely misses Natasha.
The centaur zombie hits you.
* * * LOW HITPOINT WARNING * * *
Natasha claws you but does no damage.
The centaur zombie hits you but does no damage.
Natasha casts a spell at you.
You feel as though you will be slow longer.
Firing (i - inventory. (/) - cycle)
b - 36 arrows (quivered)
Press: ? - help, Shift-Dir - straight line, f/p - Natasha
Aim: Natasha (heavily wounded)
You shoot an arrow. The arrow barely misses Natasha.
The centaur zombie barely misses you.
Natasha mumbles some strange words.
Natasha's front paws start to glow.
Natasha barely misses you. The centaur zombie hits you.
* * * LOW HITPOINT WARNING * * *
Natasha stares at you and mumbles some strange words.
The magic dart hits you!
You die...

## #..###
#(.h@#
.......ZZ..#
###.........#
##..........#
#...........
###.....>...
..........
.........)


You could see Natasha, a centaur zombie and a leopard gecko skeleton.

Vanquished Creatures
  An ogre (D:4)
  An orc wizard (D:4)
  2 centaur skeletons (D:4)
  Natasha (D:4)
  6 adders
  2 leopard geckos
  3 orcs
  10 bats
  4 giant cockroaches
  8 goblins
  4 hobgoblins
  3 jackals (D:1)
  A quokka (D:3)
  2 ball pythons
  2 frilled lizards
  5 kobolds
  A quokka skeleton (D:4)
  6 rats
62 creatures vanquished.

Notes
Turn   | Place    | Note
-------+----------+-------------------------------------------
     0 | D:1      | wullow the Demonspawn Wanderer began the quest for the Orb.
     0 | D:1      | wullow set off with the following items: a +2 shortbow, 29
                  | arrows, a +0 spear, a +0 ring mail, a ration
     0 | D:1      | Reached XP level 1. HP: 19/19 MP: 1/1
   269 | D:1      | Gained mutation: You have sharp fingernails. [demonic
                  | ancestry]
   269 | D:1      | Reached XP level 2. HP: 25/25 MP: 2/2
  1076 | D:2      | Gained mutation: You have a pair of small horns on your
                  | head. [demonic ancestry]
  1076 | D:2      | Reached XP level 3. HP: 27/30 MP: 3/3
  1256 | D:2      | Found a basalt altar of Yredelemnul.
  1693 | D:2      | You fall into a shaft and drop 2 floors!
  1713 | D:4      | Noticed Natasha
  1716 | D:4      | Killed Natasha
  1716 | D:4      | Reached XP level 4. HP: 38/38 MP: 4/4
  1904 | D:4      | Found a runed translucent door.
  1905 | D:4      | Noticed Crazy Yiuf
  1929 | D:4      | Found Hoenum's Armour Shop.
  1944 | D:4      | Gained mutation: You have a pair of horns on your head.
                  | [demonic ancestry]
  1944 | D:4      | Reached XP level 5. HP: 38/43 MP: 5/5
  2147 | D:3      | Found an iron altar of Okawaru.
  2154 | D:3      | Found a runed translucent gate.
  2154 | D:3      | Found a runed translucent gate.
  2157 | D:3      | Noticed a steam dragon
  2158 | D:3      | Found a runed translucent gate.
  2158 | D:3      | Noticed Flugslaktarn's ghost (amateur NaFi)
  3049 | D:3      | Noticed a cacodemon
  3050 | D:3      | Found a burning altar of Makhleb.
  3054 | D:3      | Found a glowing silver altar of Zin.
  3054 | D:3      | Noticed an angel
  3446 | D:3      | Became a worshipper of Warmaster Okawaru
  3508 | D:3      | Found a bloodstained altar of Trog.
  3508 | D:3      | Found a shimmering blue altar of Sif Muna.
  3778 | D:4      | Noticed an ogre
  3785 | D:4      | Killed an ogre
  3785 | D:4      | Reached skill level 5 in Fighting
  3785 | D:4      | Gained mutation: You sometimes gain a little power by
                  | taking damage. [demonic ancestry]
  3785 | D:4      | Reached XP level 6. HP: 32/51 MP: 3/6
  3935 | D:4      | Got a fabulously ornate robe
  3935 | D:4      | Noticed Natasha
  3949 | D:5      | Entered Level 5 of the Dungeon
  3953 | D:5      | Killed from afar by Natasha

Illustrated notes

Levels and vault maps discovered:
D:1:      dpeg_arrival_connections, layout_basic
D:2:      layout_loops_corners, old_standard_altar
D:3:      layout_basic, grunt_temple_overflow_order_and_chaos_2,
          gammafunk_temple_overflow_wave, gammafunk_ghost_split,
          kennysheep_okawaru_gauntlet
D:4:      layout_basic, serial_shops, kennysheep_mini, uniq_sigmund,
          uniq_crazy_yiuf_cottage, uniq_natasha
D:5:      layout_cave_pools, first_ration

Skill      XL: |  1  2  3  4  5 |
---------------+----------------+-----
Bows           | 2 3 |  3.8
Stealth        | 2 |  2.9
Dodging        | 2 |  2.0
Fighting       | 5 |  5.0
Armour         | |  1.7
Evocations     | |  1.0

Action                   |  1- 3 |  4- 6 || total
-------------------------+-------+-------++-------
 Fire: Shortbow          |    79 |   106 ||   185
Throw: Stone             |     1 |       ||     1
  Use: Scroll            |       |     7 ||     7
  Eat: Chunk             |     2 |     7 ||     9
Armor: Ring mail         |    27 |    22 ||    49
       Skin              |       |     3 ||     3
Dodge: Dodged            |    28 |    28 ||    56

Table legend:
 A = Non-vault XP
 B = Vault XP
 C = Vault XP percentage of total XP
 D = Non-vault monster count
 E = Vault monster count
 F = Vault count percentage of total count
                 A         B        C        D         E       F
            +---------+---------+-------+---------+---------+-------
      Total |     400 |      39 |   8.9 |      59 |       3 |   4.8
            +---------+---------+-------+---------+---------+-------
        D:1 |      33 |       0 |   0.0 |      21 |       0 |   0.0
        D:2 |      64 |       0 |   0.0 |      17 |       0 |   0.0
        D:3 |      57 |       4 |   6.6 |      12 |       2 |  14.3
        D:4 |     246 |      35 |  12.5 |       9 |       1 |  10.0
            +---------+---------+-------+---------+---------+-------
